Map: Submarine LE

Players

Zest - Winner!

  • Race: Protoss Protoss
  • Spawn Location: 5:00

Liquidthermy (uThermal)

  • Race: Terran Terran
  • Spawn Location: 11:00

Event: StayAtHomestory Cup #2

VOD

Have the link to the VOD?

Description

Time

  • Played on: June 13, 2020, 7:57 a.m.
  • Length: 7:17

All games in this series

Show
View Real Time Build Order
Export as new Build Order

Zest Protoss - Winner!

Build Orders: 1 Gate Expand, Blink Stalkers, Colossus Rush 

Get SALT Encoding   

  12  0:00  Probe  
  13  0:12  Probe  
  14  0:17  Pylon  
  14  0:23  Probe  
  15  0:31  Probe  
  16  0:37  Gateway  
  16  0:39  Probe  
  16  0:46  Assimilator  
  17  0:51  Probe  
  18  1:03  Probe  
  19  1:15  Probe  
  20  1:24  Cybernetics Core  
  20  1:32  Nexus  
  20  1:35  Probe  
  21  1:42  Pylon  
  21  1:48  Probe  
  21  1:50  Adept  
  21  1:51  Assimilator  
  22  2:00  Probe  
  25  2:02  Warp Gate  
  25  2:11  Stalker  
  25  2:12  Probe  
  28  2:24  Probe  
  29  2:32  Twilight Council  
  29  2:36  Probe  
  30  2:44  Stalker  
  30  2:50  Probe, Blink  
  33  2:53  Probe  
  34  3:02  Probe, Gateway  
  35  3:06  Probe  
  36  3:14  Probe  
  36  3:18  Probe  
  38  3:26  Probe  
  39  3:29  Robotics Facility  
  39  3:30  Probe  
  40  3:38  Probe  
  40  3:39  Gateway  
  41  3:42  Probe  
  41  3:48  Assimilator  
  40  3:50  Probe, Shield Battery  
  40  3:52  Stalker  
  43  3:56  Sentry, Assimilator  
  43  3:59  Probe  
  46  4:03  Pylon  
  46  4:08  Pylon  
  46  4:11  Phoenix  
  46  4:21  Observer, Probe x2, Stalker x2  
  52  4:26  Pylon  
  53  4:33  Probe x2  
  53  4:35  Stalker  
  57  4:45  Probe x2  
  56  4:57  Probe x2  
  56  4:58  Robotics Bay  
  55  5:09  Stalker x3  
  55  5:10  Pylon  
  55  5:12  Probe  
  55  5:13  Probe  
  63  5:15  Observer  
  63  5:20  Observer  
  63  5:24  Pylon  
  63  5:28  Colossus  
  64  5:33  Observer, Forge  
  64  5:35  Probe x2, Pylon  
  66  5:37  Pylon  
  66  5:47  Probe  
  72  6:06  Colossus  
  72  6:08  Zealot x3  
  84  6:32  Sentry, Zealot x2  
  90  6:36  Pylon  
  90  6:59  Stalker  
  90  7:00  Stalker x2  
  102  7:16  Pylon  
  102  7:17  Nexus  
Show
View Real Time Build Order
Export as new Build Order

Liquidthermy Terran 

Build Orders:  

Get SALT Encoding   

  12  0:01  SCV  
  13  0:13  SCV  
  14  0:17  Supply Depot  
  14  0:26  SCV  
  15  0:38  SCV  
  15  0:39  Barracks  
  16  0:43  Refinery  
  16  0:51  SCV  
  17  1:03  SCV  
  18  1:15  SCV  
  19  1:28  Orbital Command  
  19  1:32  Barracks Reactor  
  19  1:46  Command Center  
  19  1:51  Supply Depot  
  19  1:55  SCV  
  20  2:07  SCV  
  21  2:09  Marine x2  
  21  2:12  Factory  
  23  2:19  SCV  
  24  2:26  Marine x2  
  24  2:29  Bunker  
  26  2:31  SCV  
  26  2:36  Refinery  
  27  2:43  SCV  
  28  2:44  Marine x2  
  29  2:55  SCV  
  29  2:56  Starport  
  30  2:59  Widow Mine  
  33  3:05  Orbital Command  
  33  3:09  SCV  
  33  3:13  Marine  
  33  3:14  Marine  
  35  3:20  Widow Mine  
  35  3:21  SCV  
  38  3:31  SCV  
  38  3:33  SCV  
  40  3:35  Medivac  
  40  3:40  Supply Depot  
  42  3:42  Widow Mine  
  42  3:44  Marine x2  
  46  3:51  SCV  
  46  3:53  Barracks  
  46  3:57  Barracks  
  46  4:02  SCV  
  47  4:03  Supply Depot  
  47  4:05  SCV  
  47  4:08  Marine  
  47  4:09  Marine  
  50  4:11  Factory Tech Lab  
  50  4:13  Starport Tech Lab  
  50  4:14  SCV  
  51  4:17  SCV  
  51  4:20  Engineering Bay  
  52  4:26  SCV, Marine x2  
  55  4:32  Supply Depot  
  55  4:34  SCV  
  56  4:46  SCV  
  56  4:48  Marine x2  
  56  4:51  Marauder x2, Stimpack  
  56  4:52  Starport Reactor  
  61  4:56  SCV, Terran Infantry Weapons Level 1  
  61  4:58  SCV  
  59  5:04  Supply Depot  
  59  5:05  Combat Shield  
  57  5:07  Marine x2  
  59  5:14  Refinery  
  59  5:15  Marauder  
  59  5:18  Marauder  
  59  5:21  SCV x2  
  65  5:27  Marine x2, Supply Depot  
  67  5:33  SCV  
  67  5:35  SCV  
  69  5:36  Marine  
  69  5:39  Marine, Medivac  
  73  5:45  SCV, Marine x2, Supply Depot  
  73  5:47  Medivac  
  78  5:51  Refinery  
  78  5:58  Marauder x2  
  78  6:03  Marine x2  
  84  6:08  SCV  
  84  6:09  Medivac  
  87  6:12  Supply Depot  
  86  6:19  Marauder  
  86  6:21  Medivac  
  86  6:23  Marine, Marauder  
  86  6:24  SCV  
  92  6:28  Supply Depot  
  92  6:31  Marine  
  93  6:34  Concussive Shells  
  93  6:36  SCV, Supply Depot  
  94  6:40  Marine  
  94  6:52  Marine  
  94  6:53  Command Center  
  94  6:54  Marine  
  94  6:57  Marine  
  94  6:59  Marine  
Tags
 
Add a new tag
Caveats
  • Supply blocks, unpowered buildings, or Contaminate may cause inaccurate times.
  • Supply counts are checked every 10 seconds.